 Dungeon Crawl Stone Soup version 0.23.2-30-g0e89c35649 (webtiles) character file.

Game seed: 4023758922588728756

70 troglodite the Digger (level 4, 0/32 HPs)
             Began as a Formicid Earth Elementalist on June 18, 2019.
             Was an Initiate of Gozag.
             Slain by a gnoll
             ... wielding a +0 spear
              (8 damage)
             ... on level 3 of the Dungeon.
             The game lasted 00:08:55 (3040 turns).

troglodite the Digger (Formicid Earth Elementalist) Turns: 3040, Time: 00:08:56

Health: 0/32       AC:  2    Str:  9    XL:     4   Next: 45%
Magic:  0/8        EV: 12    Int: 16    God:    Gozag
Gold:   123        SH:  0    Dex: 11    Spells: 4/8 levels left

rFire    . . .     SeeInvis +   n - -1 spear (curse)
rCold    . . .     Gourm    .   (no shield)
rNeg     . . .     Faith    .   c - +0 robe
rPois    .         Spirit   .   (helmet unavailable)
rElec    .         Reflect  .   (no cloak)
rCorr    .         Harm     .   (no gloves)
MR       .....                  (no boots)
Stlth    +++.......             (no amulet)
HPRegen  0.10/turn              a - -3 ring of strength (curse)
MPRegen  0.11/turn              g - ring of stealth

@: no status effects
A: permanent stasis, dig shafts and tunnels, four strong arms, antennae 3
a: Dig, Shaft Self, Potion Petition, Call Merchant, Bribe Branch, Renounce
Religion


You were on level 3 of the Dungeon.
You worshipped Gozag.
Gozag was aware of your devotion.
You were very hungry.

You visited 1 branch of the dungeon, and saw 3 of its levels.

You collected 164 gold pieces.
You paid 41 gold pieces to Gozag.

Inventory:

Hand Weapons
 n - a cursed -1 spear (weapon)
 r - a +0 hunting sling
Missiles
 b - 66 stones (quivered)
Armour
 c - a +0 robe (worn)
Jewellery
 a - a cursed -3 ring of strength (left hand)
 g - a ring of stealth (right hand)
 j - a +2 ring of evasion
Scrolls
 e - 2 scrolls of remove curse {unknown}
 f - a scroll of fog {unknown}
 h - 2 scrolls of magic mapping {unknown}
 k - 4 scrolls of identify {unknown}
 m - a scroll of blinking {unknown}
 o - a scroll of amnesia {unknown}
 p - a scroll of noise {unknown}
 q - a scroll of teleportation {unknown}
Potions
 i - a potion of curing {unknown}
 l - 2 potions of lignification {unknown}
Comestibles
 d - 6 rations


   Skills:
 * Level 1.4 Fighting
 + Level 0.9 Polearms
 + Level 1.9 Dodging
 * Level 2.9 Stealth
 + Level 0.2 Unarmed Combat
 * Level 2.9 Spellcasting
 * Level 0.2 Conjurations
   Level 1.1 Transmutations
 * Level 4.3 Earth Magic


You had 4 spell levels left.
You knew the following spells:

 Your Spells              Type           Power        Failure   Level  Hunger
a - Sandblast             Erth           ###...       3%          1    #......
b - Stone Arrow           Conj/Erth      #.....       22%         3    ###....

Your spell library contained the following spells:

 Spells                   Type           Power        Failure   Level  Hunger
 Passwall                 Tmut/Erth      ##......     10%         2    ##.....
 Petrify                  Tmut/Erth      ##......     52%         4    #####..
 Lee's Rapid Deconstruct  Erth           ###.......   65%         5    ######.


Dungeon Overview and Level Annotations

Branches:
Dungeon (3/15)

Altars:
Ashenzari
Cheibriados
Fedhas
Gozag
Xom
Zin


Innate Abilities, Weirdness & Mutations

You cannot be hasted, slowed, berserked, paralysed or teleported.
You can dig through walls and to a lower floor.
Your four strong arms can wield two-handed weapons with a shield.
You have a pair of large antennae on your head. (SInv)


Message History

Confirm with . or Enter, or press ? or * to list all spells.
Aiming: Stone Arrow (safe; 22% risk of failure)
Press: ? - help, Shift-Dir - straight line, f/p - gnoll
Aim: a gnoll, wielding a +0 spear (moderately wounded)
The stone arrow hits the gnoll.
The gnoll is severely wounded.
The gnoll hits you but does no damage. The gnoll barely misses you.
You hit the gnoll.
The gnoll is almost dead.
The gnoll hits you with a +0 spear.
You closely miss the gnoll.
The gnoll is almost dead.
The gnoll barely misses you. The gnoll hits you with a +0 spear.
* * * LOW HITPOINT WARNING * * *
You closely miss the gnoll.
The gnoll is almost dead.
The gnoll hits you with a +0 spear!
You die...
Your body crumbles into a pile of gold.

#.#.#######.##
##.#.#..####.####
#...............#
#.......#######.#
#....[..# #.#
##.##....##### #.#
##..##........# #.#
##<.g###...###.###.##
####...@.##...# # #....
..............# #.##....
####.....###...##.......
##...## #.#.#####....
##.## ....# #..<. #.
...... ###.# #. .#####.#
#.# #. #. .# #.# #. . ..
..#


You could see a gnoll.

Vanquished Creatures
  Robin (D:1)
  An adder (D:2)
  A worm (D:2)
  A dart slug (D:3)
  2 leopard geckos
  2 bats (D:2)
  A giant cockroach (D:2)
  12 goblins
  6 hobgoblins
  5 jackals
  A kobold (D:2)
  A ball python (D:2)
  A frilled lizard (D:2)
  3 rats
38 creatures vanquished.

Notes
Turn   | Place    | Note
-------+----------+-------------------------------------------
     0 | D:1      | troglodite the Formicid Earth Elementalist began the quest
                  | for the Orb.
     0 | D:1      | Reached XP level 1. HP: 13/13 MP: 3/3
   268 | D:1      | Reached XP level 2. HP: 4/20 MP: 0/5
   614 | D:1      | Reached skill level 1 in Fighting
   635 | D:1      | Found a shattered altar of Ashenzari.
  1200 | D:2      | Found an opulent altar of Gozag.
  1200 | D:2      | Noticed Robin
  1216 | D:1      | Reached skill level 4 in Earth Magic
  1369 | D:1      | HP: 1/21 [Robin/+0 short sword (2)]
  1379 | D:1      | Killed Robin
  1379 | D:1      | Reached XP level 3. HP: 3/26 MP: 0/6
  1387 | D:1      | Learned a level 3 spell: Stone Arrow
  2333 | D:2      | Found a shimmering altar of Xom.
  2335 | D:2      | Found a snail-covered altar of Cheibriados.
  2344 | D:2      | Reached XP level 4. HP: 30/32 MP: 6/8
  2594 | D:2      | Became a worshipper of Gozag Ym Sagoz the Greedy
  2610 | D:2      | Found a glowing silver altar of Zin.
  2690 | D:2      | Found a blossoming altar of Fedhas.
  2943 | D:3      | Found a shattered altar of Ashenzari.
  3040 | D:3      | Slain by a gnoll

Skill      XL: |  1  2 |
---------------+-------+-----
Fighting       | 1 |  1.4
Earth Magic    | 4 |  4.3
Polearms       | |  0.9
Dodging        | |  1.9
Stealth        | |  2.9
Unarmed Combat | |  0.2
Spellcasting   | |  2.9
Conjurations   | |  0.2
Transmutations | |  1.1

Action                   |  1- 3 |  4- 6 || total
-------------------------+-------+-------++-------
Melee: Unarmed           |    10 |       ||    10
       Club              |     5 |       ||     5
       Spear             |   100 |    57 ||   157
 Cast: Sandblast         |    21 |     2 ||    23
       Stone Arrow       |       |     3 ||     3
 Stab: Sleeping          |     4 |       ||     4
  Eat: Chunk             |     5 |     1 ||     6
Armor: Robe              |    34 |     8 ||    42
Dodge: Dodged            |    77 |    37 ||   114
